cohdb
Replays
Latest Replays
All Replays
Popular Replays
Top Player Replays
Match Explorer
How It Works
Community
CoH3 Stats
Reddit
Sign in to upload your games and track your stats! →
Sign in with Steam
Match 42574987
Unlisted
Match 42574987
Overview
Messages
Build Orders
End
Scout Squad
Construct Barracks
Selects Special Operations Battlegroup
Selects M29 Weasel Recon Vehicle
M29 Weasel Recon Vehicle
Riflemen Squad
Riflemen Squad
Mechanized Support Center
Construct Medical Station
Riflemen Squad
NotQuiteAKing
PlumApollo
UseLessHam
Ok
0
0
Comments
sign in to comment!
No comments posted yet!